 Dungeon Crawl Stone Soup version 0.31-a0-185-g9dded2c639 (webtiles) character file.

Game seed: 11404046659704738983

81 qw the Shooter (level 4, -3/25 HPs)
             Began as a Deep Elf Hunter on June 22, 2023.
             Frozen to death by an endoplasm (4 damage)
             ... on level 3 of the Dungeon.
             The game lasted 00:00:42 (1266 turns).

qw the Shooter (Deep Elf Hunter)                    Turns: 1266, Time: 00:00:42

Health: -3/25      AC:  5    Str: 10    XL:     4   Next: 20%
Magic:  6/6        EV: 11    Int: 14    God:
Gold:   44         SH:  0    Dex: 18    Spells: 3/3 levels left

rFire   . . .        Y - +0 shortbow
rCold   . . .        (shield currently unavailable)
rNeg    + . .        e - +0 ring mail
rPois   .            (no helmet)
rElec   .            (no cloak)
rCorr   .            (no gloves)
SInv    .            (no boots)
Will    .....        (no amulet)
Stlth   +            g - ring of positive energy
HPRegen 0.24/turn    (no ring)
MPRegen 0.10/turn

%: no passive effects
@: no status effects
A: no striking features
a: no special abilities


You were on level 3 of the Dungeon.
You visited 1 branch of the dungeon, and saw 3 of its levels.

You collected 44 gold pieces.


   Skills:
 - Level 1.5 Fighting
 + Level 7.6 Ranged Weapons
 - Level 2.4 Dodging
 - Level 1.2 Stealth


You had 3 spell levels left.
You didn't know any spells.
Your spell library was empty.

Inventory:

Hand Weapons
 Y - a +0 shortbow (weapon)
Armour
 e - a +0 ring mail (worn)
Jewellery
 g - a ring of positive energy (left hand)
Scrolls
 c - a scroll of identify
Potions
 a - a potion of lignification {unknown}
 b - a potion of might
 d - a potion of curing
 f - a potion of enlightenment {unknown}

Dungeon Overview and Level Annotations

Branches:
Dungeon (3/15)

Altars:


Message History

The black bear is severely wounded.
The black bear misses you.
The black bear claws you but does no damage.
The black bear claws you.
An endoplasm comes into view.
You shoot an arrow. The arrow hits the black bear.
The black bear is severely wounded.
The black bear closely misses you.
The black bear claws you but does no damage. x2
You shoot an arrow. The arrow hits the black bear.
The black bear is severely wounded.
The black bear goes berserk!
You shoot an arrow.
The arrow closely misses the black bear.
The black bear bites you but does no damage.
The black bear barely misses you. x4; The black bear closely misses you.
The endoplasm hits you.
You shoot an arrow.
The arrow hits the black bear but does no damage.
The black bear is severely wounded.
The black bear bites you but does no damage.
The black bear claws you but does no damage.
The black bear claws you. The black bear completely misses you.
The black bear claws you but does no damage.
The black bear barely misses you. The endoplasm barely misses you.
You shoot an arrow. The arrow barely misses the black bear.
The black bear barely misses you.
The black bear claws you but does no damage.
The black bear barely misses you. The endoplasm freezes you.
You are frozen.
You shoot an arrow.
The arrow closely misses the black bear.
The black bear barely misses you. The black bear claws you. x2
The black bear bites you but does no damage.
The black bear claws you.
The black bear claws you but does no damage.
The endoplasm freezes you.
You are frozen.
You die...

#######.# #.#
#.######.#
##.#.......
#.......# #.).....#
###.......###
.............##
####.)........###..
#.......@h......
#.......J..##...
#####.###.## #.# .#
... .. ##.# .## ..
.. ##


You could see a black bear (berserk) and an endoplasm.

Vanquished Creatures
  An adder (D:2)
  2 worms (D:2)
  2 dart slugs
  3 orcs (D:3)
  10 endoplasms
  4 giant cockroaches
  3 goblins
  5 hobgoblins
  3 jackals (D:1)
  8 kobolds
  A quokka (D:1)
  2 ball pythons (D:1)
  4 bats (D:2)
  A frilled lizard (D:3)
  4 rats
53 creatures vanquished.

Notes
Turn   | Place    | Note
-------+----------+-------------------------------------------
     0 | D:1      | qw the Deep Elf Hunter began the quest for the Orb.
     0 | D:1      | Reached XP level 1. HP: 12/12 MP: 3/3
     0 | D:1      | 0 ||| qw: Version: 0.3-a-9-g12657ce
     0 | D:1      | 0 ||| qw: Game counter: 1930
     0 | D:1      | 0 ||| qw: Always use a shield: true
     0 | D:1      | 0 ||| qw: God list: Okawaru
     0 | D:1      | 0 ||| qw: Allow faded altars: false
     0 | D:1      | 0 ||| qw: Do Orc after D:15 true
     0 | D:1      | 0 ||| qw: Do second Lair branch before Depths: true
     0 | D:1      | 0 ||| qw: Lair rune preference: random
     0 | D:1      | 0 ||| qw: Plans: Normal
     0 | D:1      | 0 ||| PLANNING D:1-11
    29 | D:1      | Found a faded altar of an unknown god.
    39 | D:1      | Reached XP level 2. HP: 16/16 MP: 4/4
    52 | D:1      | Reached skill level 6 in Ranged Weapons
   445 | D:1      | Reached XP level 3. HP: 20/20 MP: 5/5
   552 | D:1      | 552 ||| UPGRADING to +0 ring mail.
   562 | D:1      | 562 ||| DROPPING +0 leather armour.
   563 | D:1      | 563 ||| READING scroll labelled SOANAE MISTY.
   564 | D:1      | 564 ||| READING scroll labelled NINIUCL ZOQESA.
   565 | D:1      | 565 ||| READING scroll labelled BYDITH SOTAMYF.
   566 | D:1      | 566 ||| DROPPING scroll of butterflies.
   663 | D:2      | Reached skill level 7 in Ranged Weapons
  1072 | D:2      | 1072 ||| UPGRADING to ring of positive energy.
  1073 | D:2      | 1073 ||| READING scroll labelled WOROSI LUAT.
  1074 | D:2      | 1074 ||| DRINKING 2 glowing green potions.
  1075 | D:2      | 1075 ||| DRINKING 2 blue potions.
  1114 | D:3      | Reached XP level 4. HP: 25/25 MP: 6/6
  1252 | D:3      | Noticed a black bear
  1266 | D:3      | HP: 6/25 [black bear (5)]
  1266 | D:3      | HP: 1/25 [black bear (4)]
  1266 | D:3      | Frozen to death by an endoplasm

Levels and vault maps discovered:
D:1:      lightli_arrival_quake, layout_basic,
          dreamdust_ecumenical_altar_statues, minmay_pentomino_x4
D:2:      layout_rooms, serial_bayou_lagoon_b
D:3:      layout_loops_ring, chequers_serial_rivers_marsh, serial_park_tiny_2

Skill      XL: |  1  2  3 |
---------------+----------+-----
Ranged Weapons | 6 7 |  7.6
Fighting       | |  1.5
Dodging        | |  2.4
Stealth        | |  1.2

Action                     |  1- 3 |  4- 6 || total
---------------------------+-------+-------++-------
   Fire: Shortbow          |   110 |    34 ||   144
    Use: Scroll            |     4 |       ||     4
         Potion            |     2 |       ||     2
 Armour: Leather armour    |     3 |       ||     3
         Ring mail         |     6 |    14 ||    20
  Dodge: Dodged            |    14 |    14 ||    28

Table legend:
 A = Non-vault XP
 B = Vault XP
 C = Vault XP percentage of total XP
 D = Non-vault monster count
 E = Vault monster count
 F = Vault count percentage of total count
                 A         B        C        D         E       F
            +---------+---------+-------+---------+---------+-------
      Total |     114 |       3 |   2.6 |      50 |       3 |   5.7
            +---------+---------+-------+---------+---------+-------
        D:1 |      45 |       3 |   6.2 |      23 |       3 |  11.5
        D:2 |      48 |       0 |   0.0 |      18 |       0 |   0.0
        D:3 |      21 |       0 |   0.0 |       9 |       0 |   0.0
            +---------+---------+-------+---------+---------+-------
